 Dungeon Crawl Stone Soup version 0.29.1-12-g30fa7ad0bf (webtiles) character file.

Game seed: 5604257716010227523

11659 MisterFreud the Nimble (level 11, 0/135 HPs)
             Began as a Grey Draconian Transmuter on Dec 27, 2022.
             Was a Follower of Ru.
             Slain by a manticore (13 damage)
             ... on level 10 of the Dungeon.
             The game lasted 00:20:49 (10701 turns).

MisterFreud the Nimble (Grey Draconian Transmuter) Turns: 10701, Time: 00:20:49

Health: 0/135      AC: 25    Str: 12    XL:     11   Next: 52%
Magic:  16/18      EV:  2    Int: 19    God:    Ru [*.....]
Gold:   889        SH:  0    Dex: 17    Spells: 10/20 levels left

rFire   + . .      SeeInvis .     - Unarmed
rCold   . . .      Faith    .   (no shield)
rNeg    . . .      Spirit   .   (body armour unavailable)
rPois   +          Reflect  .   (helmet currently unavailable)
rElec   .          Harm     .   (cloak currently unavailable)
rCorr   .          Rampage  .   (gloves currently unavailable)
Will    .....      NoTele   +   (boots currently unavailable)
Stlth   ++........              w - amulet of regeneration
HPRegen 1.12/turn               h - ring of protection from fire
MPRegen 0.16/turn               j - +6 ring of dexterity

@: tree-form, spiked, studying Dodging
A: stationary, stasis, torment immunity, boosted hp, AC +12, (amphibious),
unfitting armour, (cold-blooded), hated by all
a: Renounce Religion, Sacrifice Health, Sacrifice an Eye, Sacrifice a Hand,
Reject Sacrifices


You were on level 10 of the Dungeon.
You worshipped Ru.
Ru was aware of your devotion.
You were a tree.
You visited 2 branches of the dungeon, and saw 11 of its levels.
You also visited: Bailey.

You collected 1104 gold pieces.
You spent 215 gold pieces at shops.

Inventory:

Hand Weapons
 y - the +7 trident "Eduisas" {flame, rElec Str+4}
   (You found it on level 6 of the Dungeon)

   It burns those it strikes, dealing additional fire damage.
   Str:       It affects your strength (+4).
   rElec:     It insulates you from electricity.
Missiles
 b - 29 poisoned darts (quivered)
 u - a throwing net
 v - 9 boomerangs
 G - 6 javelins
Armour
 a - a +2 hat (melded)
 d - a +0 pair of gloves (melded)
 H - a +0 kite shield
Jewellery
 h - a ring of protection from fire (left branch)
 j - a +6 ring of dexterity (right branch)
 w - an amulet of regeneration (around neck)
 z - a ring of wizardry
 D - a ring of protection from fire
Wands
 n - a wand of flame (30)
 r - a wand of polymorph (7)
 B - a wand of digging (4)
Scrolls
 m - 3 scrolls of enchant armour
 p - 2 scrolls of fog
 s - 6 scrolls of teleportation
 x - 4 scrolls of enchant weapon
 A - a scroll of immolation
 E - a scroll of blinking
 F - 4 scrolls of fear
 J - a scroll of amnesia
 K - a scroll of magic mapping
Potions
 c - 3 potions of curing
 e - 2 potions of mutation
 f - a potion of berserk rage
 g - 2 potions of brilliance
 i - 3 potions of haste
 k - 2 potions of flight
 l - 3 potions of cancellation
 q - 5 potions of might
 t - 3 potions of invisibility
 C - a potion of magic
 I - a potion of resistance


   Skills:
 + Level 6.3 Fighting
 - Level 12.0 Dodging
 - Level 10.0 Unarmed Combat
 - Level 5.0 Spellcasting
 + Level 10.9 Transmutations


You had 10 spell levels left.
You knew the following spells:

 Your Spells              Type           Power      Damage    Failure   Level
a - Blade Hands           Tmut           23%        N/A       4%          5
b - Wereblood             Tmut           46%        N/A       1%          2
c - Spider Form           Tmut/Pois      25%        N/A       4%          3

Your spell library contained the following spells:

 Spells                   Type           Power      Damage    Failure   Level
 Beastly Appendage        Tmut           92%        N/A       1%          1
 Sting                    Tmut/Pois      100%       1d8       1%          1
 Slow                     Hex            16%        N/A       12%         1
 Ice Form                 Ice/Tmut       25%        N/A       13%         4
 Poisonous Vapours        Pois/Air       8%         N/A       19%         2
 Scorch                   Fire           8%         2d5       19%         2
 Static Discharge         Conj/Air       4%         3-4/arc   19%         2
 Sublimation of Blood     Necr           4%         N/A       19%         2
 Confusing Touch          Hex            4%         N/A       36%         3
 Frozen Ramparts          Ice            8%         1d2       36%         3
 Vampiric Draining        Necr           4%         2d6       36%         3
 Irradiate                Conj/Tmut      12%        3d15      36%         5
 Flame Wave               Conj/Fire      4%         2d5       77%         4
 Olgreb's Toxic Radiance  Pois           4%         N/A       77%         4
 Dragon Form              Tmut           23%        N/A       77%         7
 Eringya's Noxious Bog    Tmut/Pois      12%        N/A       90%         6
 Lightning Bolt           Conj/Air       2%         1d13      98%         5
 Maxwell's Capacitive Co  Air            2%         ∞         100%        8
 Summon Ice Beast         Ice/Summ       Unusable   N/A       N/A         4
 Summon Forest            Summ/Tloc      Unusable   N/A       N/A         5
 Summon Cactus Giant      Summ           Unusable   N/A       N/A         6
 Summon Hydra             Summ           Unusable   N/A       N/A         7

Dungeon Overview and Level Annotations

Branches:
Dungeon (10/15)            Temple (1/1) D:6            Lair (0/5) D:9
    Orc (0/2) D:9          Bailey (visited)

Altars:
Ashenzari
Cheibriados
Dithmenos
Elyvilon
Gozag
Kikubaaqudgha
Makhleb
Nemelex Xobeh
Okawaru
Qazlal
Ru
Sif Muna
Trog
Uskayaw
Vehumet
Wu Jian
Xom
Zin
The Shining One

Shops:
D:2 *   D:9 *

Annotations:
D:5 2 runed translucent doors, t4s4d4r's ghost, novice DgFi


Innate Abilities, Weirdness & Mutations

You are a tree.
Your roots penetrate the ground, keeping you stationary.
You cannot be teleported.
You are immune to unholy pain and torment.
Your maximum health is greatly increased.
Your equipment is partially melded.
((Your dull iron-grey scales are very hard. (AC +12)))
((You are amphibious.))
You cannot fit into any form of body armour.
((You are cold-blooded and may be slowed by cold attacks.))
You are hated by all.


Message History

You feel sick. The centaur warrior hits you!
* * * LOW HITPOINT WARNING * * *
The centaur warrior misses you. The manticore closely misses you.
The manticore completely misses you. The manticore closely misses you.
The centaur warrior completely misses you.
The centaur warrior barely misses you.
You hit the centaur warrior.
You slash the centaur warrior, but do no damage.
The centaur warrior is severely wounded.
You feel sick.
The centaur warrior hits you but does no damage.
The centaur warrior kicks you but does no damage.
The manticore barely misses you.
The manticore claws you but does no damage.
The manticore claws you.
* * * LOW HITPOINT WARNING * * *
You barely miss the centaur warrior.
The centaur warrior is severely wounded.
You feel sick. The centaur warrior hits you!
* * * LOW HITPOINT WARNING * * *
The centaur warrior misses you.
Unknown command.
Unknown command.
Okay, then.
Unknown command.
Okay, then.
Unknown command.
You feel better. The centaur warrior hits you.
* * * LOW HITPOINT WARNING * * *
The centaur warrior misses you. The manticore closely misses you.
The manticore barely misses you. The manticore claws you.
* * * LOW HITPOINT WARNING * * *
The centaur warrior misses you. x2
Really quaff the potion of lignification?
Your hands revert to their normal proportions.
Your +0 pair of gloves unmelds from your body.
You turn into a tree.
Your +2 hat melds into your body.
Your +0 pair of gloves melds into your body.
Your roots penetrate the ground.
The manticore bites you!
You die...

.........+...# ..
###+######..## .....#
#.[# # #..#.# ##.##
.## .....####..# ##..#
####......## ....#
........#########...##
. +##...###..#|.##)##
)# ..##+
....###.......#.♣H#..#
#....
..###.#.#.#.##..#c.#
.. #..
####.#.#.#..#..###..#
#..###
..)).......#..## #..#
#... ####.#.#.#.##..##
.#.. ####
..###.#.#.####..#
.##..# ###..
....###... #..#...# .#
###.... #.....#
#[.##.## ####....##
........ ##...##
###...#....


You could see a centaur warrior and a manticore.

Vanquished Creatures
  An ogre mage (D:10)
  A catoblepas (D:10)
  A centaur warrior (D:10)
  2 two-headed ogres (D:9)
  An orc knight (D:10)
  3 komodo dragons
  Prince Ribbit (D:6)
  Sigmund (D:3)
  11 yaks
  A wraith (D:10)
  2 wyverns (D:9)
  A steam dragon (D:7)
  Edmund (D:5)
  2 ice beasts
  4 orc warriors
  7 wolves (Bailey)
  A sky beast (D:5)
  5 centaurs
  6 ogres
  2 phantoms
  6 bullfrogs
  2 kobold brigands (D:9)
  A necrophage (D:5)
  10 gnoll sergeants
  A scorpion (D:9)
  3 wights (D:8)
  2 howler monkeys
  6 hounds
  6 orc priests
  7 gnoll boudas (Bailey)
  2 jellies
  2 iguanas (D:6)
  6 orc wizards
  8 adders
  18 gnolls
  A shadow imp (D:6)
  A white imp (D:6)
  A dart slug (D:5)
  36 orcs
  4 endoplasms
  5 goblins
  6 hobgoblins
  2 jackals (D:3)
  17 kobolds
  3 quokkas
  7 ball pythons
  5 bats
  3 frilled lizards
  5 rats
230 creatures vanquished.

Vanquished Creatures (others)
  10 fungi
  4 plants (D:6)
14 creatures vanquished.

Grand Total: 244 creatures vanquished

Notes
Turn   | Place    | Note
-------+----------+-------------------------------------------
     0 | D:1      | MisterFreud the Draconian Transmuter began the quest for
                  | the Orb.
     0 | D:1      | Reached XP level 1. HP: 16/16 MP: 3/3
   194 | D:1      | Found a faded altar of an unknown god.
   701 | D:2      | Found Vakuwk's Assorted Antiques.
   712 | D:2      | Reached XP level 2. HP: 23/23 MP: 3/5
   731 | D:2      | Bought a metallic cyan potion for 25 gold pieces
   731 | D:2      | Bought a scroll labelled QOXZIS QAET for 28 gold pieces
   915 | D:2      | Learned a level 2 spell: Wereblood
  1185 | D:2      | Reached XP level 3. HP: 28/28 MP: 4/6
  1671 | D:3      | Noticed Sigmund
  1780 | D:2      | Learned a level 3 spell: Spider Form
  1781 | D:3      | Noticed a phantom
  1825 | D:2      | Killed a phantom
  1826 | D:2      | Reached XP level 4. HP: 21/35 MP: 2/7
  2256 | D:3      | Reached XP level 5. HP: 40/40 MP: 7/9
  2536 | D:3      | Killed Sigmund
  2537 | D:3      | Reached XP level 6. HP: 27/47 MP: 7/10
  3915 | D:5      | Entered Level 5 of the Dungeon
  3915 | D:5      | Noticed a +0 dagger
  3917 | D:5      | Noticed a +0 dagger
  3917 | D:5      | Noticed a +0 spear
  3917 | D:5      | Noticed a +0 falchion
  3918 | D:5      | Noticed a +0 spear
  3923 | D:5      | Your scales start taking on a dull iron-grey colour.
  3923 | D:5      | Reached XP level 7. HP: 56/56 MP: 7/11
  3923 | D:5      | Noticed a +0 short sword
  3925 | D:5      | Noticed a +0 short sword
  3975 | D:5      | Noticed a +0 falchion
  4025 | D:5      | Found a large runed translucent door.
  4026 | D:5      | Found a large runed translucent door.
  4028 | D:5      | Noticed t4s4d4r's ghost (novice DgFi)
  4028 | D:5      | Noticed Edmund
  4044 | D:5      | Killed Edmund
  4220 | D:5      | Learned a level 5 spell: Blade Hands
  4265 | D:5      | Reached skill level 5 in Unarmed Combat
  4314 | D:5      | Noticed Prince Ribbit
  4334 | D:6      | Killed Prince Ribbit
  4335 | D:6      | Reached XP level 8. HP: 45/66 MP: 11/13
  4884 | D:5      | Found an ornate altar of the Wu Jian Council.
  5000 | D:5      | Found a hide-covered altar of Uskayaw.
  5176 | D:2      | Bought 2 amethyst potions for 50 gold pieces
  5176 | D:2      | Bought a scroll labelled BIROJIVULA for 28 gold pieces
  5251 | D:6      | Found a staircase to the Ecumenical Temple.
  5261 | Temple   | Entered the Ecumenical Temple
  5405 | Temple   | Became a worshipper of Ru the Awakened
  5625 | D:6      | Identified the +10 ring mail "Teon" {rPois Will+}
  5708 | D:6      | Found a blossoming altar of Fedhas.
  5829 | D:6      | Found a shadowy altar of Dithmenos.
  5954 | D:6      | Identified the +7 trident "Eduisas" {flame, rElec Str+4}
  6060 | D:6      | Found an ancient bone altar of Kikubaaqudgha.
  6283 | D:6      | Reached skill level 5 in Spellcasting
  6285 | D:6      | Reached XP level 9. HP: 43/71 MP: 11/16
  6319 | D:6      | Found a glowing silver altar of Zin.
  6380 | D:6      | Found a snail-covered altar of Cheibriados.
  6592 | D:7      | Gained mutation: You are hated by all. [Ru sacrifice]
  6592 | D:7      | Reached * piety under Ru
  7397 | D:8      | Reached skill level 10 in Transmutations
  7397 | D:8      | Reached skill level 2 in Dodging
  7467 | D:8      | Reached skill level 3 in Dodging
  7470 | D:8      | Reached skill level 4 in Dodging
  7474 | D:8      | Reached skill level 5 in Dodging
  7477 | D:8      | Reached skill level 6 in Dodging
  7816 | D:8      | Reached skill level 7 in Dodging
  8092 | D:8      | Reached skill level 8 in Dodging
  8387 | D:9      | Found Farocysa's Assorted Antiques.
  8476 | D:9      | Bought a bubbling amethyst potion for 20 gold pieces
  8476 | D:9      | Bought 2 murky coppery potions for 41 gold pieces
  8476 | D:9      | Bought a scroll labelled COENEMELULL for 23 gold pieces
  8484 | D:9      | Found a flagged portal.
  8503 | D:9      | Noticed a two-headed ogre
  8519 | D:9      | Killed a two-headed ogre
  8520 | D:9      | Reached skill level 9 in Dodging
  8520 | D:9      | Reached XP level 10. HP: 17/78 MP: 9/17
  8533 | Bailey   | Entered a bailey
  8886 | Bailey   | Reached skill level 10 in Dodging
  9235 | D:9      | Found a broken altar of Ashenzari.
  9340 | D:9      | Noticed a two-headed ogre
  9345 | D:9      | Killed a two-headed ogre
  9346 | D:9      | Reached skill level 11 in Dodging
  9536 | D:9      | Found a staircase to the Lair.
  9626 | D:9      | Found a burning altar of Makhleb.
  9813 | D:9      | Found a staircase to the Orcish Mines.
  9895 | D:10     | Entered Level 10 of the Dungeon
  9906 | D:10     | Reached skill level 12 in Dodging
  9906 | D:10     | Reached XP level 11. HP: 82/84 MP: 12/18
 10205 | D:10     | Noticed a centaur warrior
 10210 | D:10     | Noticed a catoblepas
 10229 | D:10     | Killed a catoblepas
 10255 | D:10     | Killed a centaur warrior
 10256 | D:10     | Reached skill level 5 in Fighting
 10538 | D:10     | Noticed an ogre mage
 10549 | D:10     | Killed an ogre mage
 10550 | D:10     | Reached skill level 10 in Unarmed Combat
 10674 | D:10     | Identified the +1 shadow dragon scales of Woled {Rampage
                  | Stlth++++}
 10674 | D:10     | Noticed an orc knight
 10686 | D:10     | Noticed a centaur warrior
 10693 | D:10     | Killed an orc knight
 10701 | D:10     | Slain by a manticore

Illustrated notes

Levels and vault maps discovered:
D:1:      noname_arrival_rooms_in_the_neighbourhood, layout_basic,
          shapermc_ecumenical_altar_starsandcircs
D:2:      layout_rooms, serial_shops, nicolae_shop_advertising_works
          [nicolae_subvault_shop_adworks]
D:3:      layout_basic, minmay_fractal_squares_gapless_5, uniq_sigmund
D:4:      layout_rooms
D:5:      layout_cave_pools, nicolae_wu_jian_immortal_techniques,
          nicolae_uskayaw_en_pointe, ebering_ghost_disaster_area, uniq_edmund,
          uniq_prince_ribbit1
D:6:      layout_loops_ring, nicolae_dithmenos_through_a_glass_darkly,
          fedhas_altar_3, kennysheep_mini_moat, mainiacjoe_overflow_two_lobes,
          minmay_temple_entry_mist, minmay_misc_feat_secret_circle
D:7:      layout_loops_cross, minmay_holes, dreamdust_princess_bridge,
          serial_bayou_pond_d, minmay_manual_mares
D:8:      layout_basic
D:9:      layout_loops_ring, mainiacjoe_overflow_surrounded_room,
          evilmike_ruin_ashenzari, lemuel_crystal_altar,
          grunt_lair_entry_orc_guard_hut, serial_shops, nicolae_stop_n_shop_2,
          enter_bailey_6
D:10:     minmay_the_grid_four_pointed_star
          [minmay_the_grid_triangle_9x9_wacky_v,
          minmay_the_grid_triangle_9x9_zippers_vertical,
          minmay_the_grid_triangle_9x9_descending_squares,
          minmay_the_grid_triangle_9x9_cache,
          minmay_the_grid_prize_four_corners_diamond_a], layout_stronghold,
          serial_column_ruins, column_ruins_grid_1, column_ruins_open_tiny,
          column_ruins_columns_water, column_ruins_corridor_straight
Temple:   hellmonk_temple_flake

Skill      XL: |  1  2  3  4  5  6  7  8  9 10 11 |
---------------+----------------------------------+-----
Transmutations | 3 4 6 7 8 10 | 10.9
Spellcasting   | 3 5 |  5.0
Fighting       | 2 4 6 |  6.3
Unarmed Combat | 5 6 9 10 | 10.0
Dodging        | 9 12 | 12.0

Action                   |  1- 3 |  4- 6 |  7- 9 | 10-12 || total
-------------------------+-------+-------+-------+-------++-------
Melee: Unarmed           |    99 |    96 |   296 |   255 ||   746
       Tailslap          |     6 |     6 |    53 |    49 ||   114
       Headbutt          |     7 |     5 |    22 |       ||    34
       Kick              |     9 |    11 |    42 |       ||    62
       Punch             |     4 |       |    19 |    24 ||    47
Throw: Dart              |     1 |       |    30 |     1 ||    32
 Cast: Beastly Appendage |    21 |    15 |    14 |       ||    50
       Spider Form       |     1 |     5 |       |       ||     6
       Blade Hands       |       |       |    18 |    21 ||    39
Invok: Sacrifice Love    |       |       |     1 |       ||     1
 Abil: End Transformatio |       |     1 |       |       ||     1
Evoke: Wand              |       |       |       |     3 ||     3
  Use: Scroll            |     9 |     3 |     8 |     6 ||    26
       Potion            |     1 |       |       |     6 ||     7
 Stab: Distracted        |     1 |       |     1 |       ||     2
       Sleeping          |       |     1 |     1 |       ||     2
       Petrifying        |       |       |       |     3 ||     3
Armor: Skin              |    31 |    19 |   105 |    95 ||   250
Dodge: Dodged            |    71 |    67 |   169 |   272 ||   579
